 Dungeon Crawl Stone Soup version 0.32-a0-630-g46d191b (webtiles) character file.

Game seed: 8209616120357739786

303 MailTree the Covert (level 6, -6/41 HPs)
             Began as a Vampire Enchanter on Mar 5, 2024.
             Mangled by Menkaure (11 damage)
             ... on level 4 of the Dungeon on Mar 6, 2024.
             The game lasted 00:16:05 (2875 turns).

MailTree the Covert (Vampire Enchanter)             Turns: 2875, Time: 00:16:06

Health: -6/41      AC:  3    Str:  7    XL:     6   Next: 15%
Magic:  0/9        EV: 13    Int: 17    God:
Gold:   160        SH:  0    Dex: 23    Spells: 4/9 levels left

rFire   . . .        o - +3 short sword (venom)
rCold   . . .        (no shield)
rNeg    . . .        b - +0 robe
rPois   .            (no helmet)
rElec   .            d - +0 cloak
rCorr   .            (no gloves)
SInv    +            (no boots)
Will    .....        p - amulet of guardian spirit
Stlth   +++++        t - +6 ring of dexterity
HPRegen 0.46/turn    (no ring)
MPRegen 0.11/turn

%: guardian spirit
@: healing quickly, invisible
A: alive, fangs 3, see invisible, vampiric 2
a: Exsanguinate


You were on level 4 of the Dungeon.
You visited 1 branch of the dungeon, and saw 4 of its levels.

You collected 160 gold pieces.

Inventory:

Hand Weapons
 a - a +1 dagger
 o - a +3 short sword of venom (weapon)
Missiles
 m - 8 boomerangs (quivered)
 n - 30 stones
Armour
 b - a +0 robe (worn)
 d - a +0 cloak (worn)
 u - a +0 leather armour of cold resistance
Jewellery
 p - an amulet of guardian spirit (around neck)
 t - a +6 ring of dexterity (left hand)
Wands
 x - a wand of mindburst (8)
 y - a wand of charming (11)
Scrolls
 e - 2 scrolls of identify {unknown}
 f - a scroll of vulnerability {unknown}
 g - 2 scrolls of enchant armour {unknown}
 j - 3 scrolls of blinking {unknown}
 k - 2 scrolls of poison {unknown}
 s - a scroll of butterflies {unknown}
 v - a scroll of revelation {unknown}
 A - a scroll of noise {unknown}
Potions
 c - a potion of invisibility
 h - a potion of lignification {unknown}
 i - 2 potions of heal wounds {unknown}
 l - a potion of magic {unknown}
 q - 2 potions of resistance {unknown}
 r - a potion of mutation {unknown}
 w - a potion of might {unknown}
 z - 2 potions of haste {unknown}


   Skills:
 + Level 4.2 Short Blades
 - Level 2.1 Dodging
 + Level 8.9 Stealth
 - Level 2.0 Spellcasting
 - Level 4.4 Hexes


You had 4 spell levels left.
You knew the following spells:

 Your Spells              Type           Power      Damage    Failure   Level
a - Confusing Touch       Hex            16%        N/A       10%         3
b - Ensorcelled Hibernat  Hex/Ice        18%        N/A       12%         2

Your spell library contained the following spells:

 Spells                   Type           Power      Damage    Failure   Level
 Tukima's Dance           Hex            16%        N/A       10%         3
 Dazzling Flash           Conj/Hex       18%        N/A       24%         3
 Call Imp                 Summ           2%         N/A       28%         2
 Sublimation of Blood     Necr           1%         N/A       28%         2
 Summon Ice Beast         Ice/Summ       1%         N/A       50%         3
 Summon Mana Viper        Hex/Summ       9%         N/A       91%         5
 Monstrous Menagerie      Summ           0%         N/A       100%        7
 Summon Hydra             Summ           0%         N/A       100%        7


Dungeon Overview and Level Annotations

Branches:
Dungeon (4/15)
 Temple: D:4-7

Altars:
Cheibriados
Kikubaaqudgha
Qazlal

Shops:
D:2 *   D:4 :

Annotations:
D:4 Menkaure


Innate Abilities, Weirdness & Mutations

Your natural rate of healing is accelerated.
You have razor-sharp teeth.
You have supernaturally acute eyesight. (SInv)
You are afflicted with vampirism and can become a bat while bloodless.


Message History

Aim: an ogre, wielding a +0 giant club (heavily wounded, chance to affect: 64%)
The ogre's mind is blasted!
You hit the ogre.
You kill the ogre!
Your Short Blades skill increases to level 4!
You have reached level 6!
You start waiting.
Done waiting.
You see here a +0 dagger.
Found an escape hatch in the ceiling.
Found a dagger.
You now have 160 gold pieces (gained 7).
You see here a +0 dagger.
Menkaure shouts!
Menkaure mumbles some strange words.
Menkaure seems to speed up.
Menkaure calls on the powers of darkness!
Your body is wracked with pain!
You begin bloodletting.
You continue bloodletting. x2
Menkaure calls on the powers of darkness!
Your body is wracked with pain!
You stop emptying yourself of blood.
You hit Menkaure. You bite Menkaure.
Menkaure is lightly damaged.
Menkaure calls on the powers of darkness!
Your body is wracked with pain!
* * * LOW HITPOINT WARNING * * *
Press: ? - help, v - describe, . - travel The floor.
You fade into invisibility!
Menkaure hits you!
* * * LOW HITPOINT WARNING * * *
Menkaure sighs, "It doesn't hurt if you pull your brain out of your nose yourself."
Menkaure calls on the powers of darkness!
You feel a surge of unholy energy.
Menkaure grins.
Menkaure attacks as he pursues you! Menkaure misses you.
You hit Menkaure. Your bite misses Menkaure.
Menkaure is moderately damaged.
Menkaure hits you!
You die...

...## ##....... ....##
##...# .....#########
##..###
#............## ##..##
###...........##
##..##
##............####..##
##..............##..##
#...............)M.##
................@..#
...####............#
..## ##............###
.## #................
.# #................
.# #...##............#
.# #...###.......#...#
.# ##..###......####..
.## ##...#......#


You could see Menkaure (fast).

Vanquished Creatures
  An ogre (D:4)
  A hound (D:4)
  2 orc priests (D:4)
  2 orc wizards (D:4)
  2 adders
  2 ribbon worms (D:2)
  An orc (D:4)
  9 bats
  5 endoplasms
  3 giant cockroaches
  4 goblins
  A hobgoblin (D:4)
  5 jackals (D:3)
  3 quokkas
  8 ball pythons
  A frilled lizard (D:2)
  9 kobolds
  A rat (D:1)
60 creatures vanquished.

Notes
Turn   | Place    | Note
-------+----------+-------------------------------------------
     0 | D:1      | MailTree the Vampire Enchanter began the quest for the Orb.
     0 | D:1      | Reached XP level 1. HP: 13/13 MP: 3/3
     4 | D:1      | Upgraded the game from 0.32-a0-624-g02cdc05 to
                  | 0.32-a0-630-g46d191b
   232 | D:1      | Reached skill level 5 in Stealth
   294 | D:1      | Reached XP level 2. HP: 19/19 MP: 5/5
   935 | D:2      | Reached skill level 6 in Stealth
   938 | D:2      | Found Orosyx's General Store.
  1032 | D:2      | Gained mutation: You are afflicted with vampirism and can
                  | become a bat while bloodless. [Vampire growth]
  1032 | D:2      | Reached XP level 3. HP: 24/24 MP: 6/6
  1061 | D:2      | Learned a level 3 spell: Confusing Touch
  1064 | D:2      | Learned a level 2 spell: Ensorcelled Hibernation
  1669 | D:3      | Noticed a torpor snail
  1672 | D:3      | Noticed a torpor snail
  1675 | D:3      | Found a snail-covered altar of Cheibriados.
  1675 | D:3      | Noticed a torpor snail
  2045 | D:3      | Found a stormy altar of Qazlal.
  2045 | D:3      | Found an ancient bone altar of Kikubaaqudgha.
  2254 | D:4      | Noticed Menkaure
  2312 | D:4      | Reached XP level 4. HP: 30/30 MP: 7/7
  2404 | D:4      | Reached skill level 7 in Stealth
  2412 | D:4      | Found Nugil's Book Shop.
  2511 | D:4      | Noticed an ogre
  2583 | D:4      | Reached XP level 5. HP: 28/35 MP: 5/8
  2618 | D:4      | Reached skill level 8 in Stealth
  2693 | D:4      | Killed an ogre
  2694 | D:4      | Reached XP level 6. HP: 41/41 MP: 9/9
  2869 | D:4      | HP: 2/41 [Menkaure (9)]
  2875 | D:4      | Mangled by Menkaure

Illustrated notes

Levels and vault maps discovered:
D:1:      lemuel_arrival_muddy, layout_basic, st_stairs_14,
          columned_hall_lemuel, nrook_mini_backslash
D:2:      layout_basic, serial_shops, shop, minmay_door_square
D:3:      layout_basic, cheibriados_altar_2, gammafunk_temple_overflow_wave
D:4:      layout_layer_cave, minmay_temple_entry_proselytizer, serial_shops,
          nicolae_shop_tiny_real_fake_doors, uniq_menkaure

Skill      XL: |  1  2  3  4  5 |
---------------+----------------+-----
Stealth        | 5 6 7 8 |  8.9
Short Blades   | 2 3 4 |  4.2
Dodging        | |  2.1
Spellcasting   | |  2.0
Hexes          | |  4.4

Action                     |  1- 3 |  4- 6 || total
---------------------------+-------+-------++-------
  Melee: Dagger            |    29 |       ||    29
         Bite              |     8 |     5 ||    13
         Short sword       |    63 |    36 ||    99
  Throw: Boomerang         |     4 |     1 ||     5
Ability: Exsanguinate      |       |     1 ||     1
  Evoke: Wand              |       |     5 ||     5
    Use: Potion            |       |     1 ||     1
   Stab: Sleeping          |    15 |       ||    15
         Distracted        |       |     2 ||     2
 Armour: Robe              |    43 |    15 ||    58
  Dodge: Dodged            |    55 |    20 ||    75

Table legend: (Time is in decaauts)
 A = Elapsed time spent in this place.
 B = Non-inter-level travel time spent in this place.
 C = Inter-level travel time spent in this place.
 D = Time resting spent in this place.
 E = Time spent auto-exploring this place.
 F = Levels seen in this place.
 G = Mean time per level.
                   A        B        C        D        E       F      G
               +--------+--------+--------+--------+--------+-----+--------+
         Total |   2861 |   2759 |    102 |    113 |   1990 |   4 |  715.2 |
       Dungeon |   2861 |   2759 |    102 |    113 |   1990 |   4 |  715.2 |
               +--------+--------+--------+--------+--------+-----+--------+

Top non-repeatable levels by time:
     D:1: 878 daAuts
     D:2: 753 daAuts
     D:4: 638 daAuts
     D:3: 590 daAuts
